 Dungeon Crawl Stone Soup version 0.30-a0-457-g4b7bca3bfa (webtiles) character file.

Game seed: 9003744197783206760

8844 ytrimaz the Tortoise (level 11, -1/73 HPs)
             Began as a Meteoran Fighter on Dec 9, 2022.
             Was a Believer of Hepliaklqana.
             Slain by a killer bee (4 damage)
             ... on level 10 of the Dungeon on Dec 12, 2022.
             The game lasted 00:10:58 (4906 turns).

ytrimaz the Tortoise (Meteoran Fighter)             Turns: 4906, Time: 00:10:58

Health: -1/73      AC: 12    Str: 22    XL:     11   Next: 94%
Magic:  12/12      EV:  9    Int:  9    God:    Hepliaklqana [**....]
Gold:   524        SH:  5    Dex: 15    Spells: 10/10 levels left

rFire   + . .      SeeInvis +    a - +0 war axe
rCold   + . .      Faith    .    c - +0 buckler
rNeg    + . .      Spirit   .    b - +0 scale mail
rPois   +          Reflect  .    (helmet restricted)
rElec   +          Harm     .    z - +0 cloak
rCorr   +          Rampage  .    (no gloves)
Will    +....                    (no boots)
Stlth   ..........               (no amulet)
HPRegen 0.32/turn                o - ring of see invisible
MPRegen 0.13/turn                p - ring of positive energy

@: brilliant, resistant, attractive, glowing
A: reduced essence, sense surroundings 2, otherworldly, glowing, explore regen,
horns 1, shaggy fur 1
a: Renounce Religion, Ancestor Life: Knight, Ancestor Life: Battlemage, Ancestor
Life: Hexer, Recall Ancestor, Ancestor Identity


You were on level 10 of the Dungeon.
You worshipped Hepliaklqana.
Hepliaklqana was pleased with you.
You visited 2 branches of the dungeon, and saw 12 of its levels.

You collected 524 gold pieces.


Innate Abilities, Weirdness & Mutations

Your life essence is reduced to manifest your ancestor. (-10% HP)
You passively map the area around you.
You are easily found by Zot.
You glow in the dark.
You regain HP and MP as you explore.
You have a pair of small horns on your head.
You are covered in fur. (AC +1)


   Skills:
 - Level 3.2 Fighting
 + Level 14.9 Axes
 + Level 15.1 Armour
 - Level 4.0 Shields


You had 10 spell levels left.
You didn't know any spells.
Your spell library contained the following spells:

 Spells                   Type           Power      Damage    Failure   Level
 Slow                     Hex            0%         N/A       71%         1
 Confusing Touch          Hex            0%         N/A       97%         3
 Vampiric Draining        Necr           0%         2d6       97%         3
 Freezing Cloud           Conj/Ice/Air   0%         6-21      100%        5
 Simulacrum               Ice/Necr       0%         N/A       100%        6
 Polar Vortex             Ice            0%         N/A       100%        9

Inventory:

Hand Weapons
 a - a +0 war axe (weapon)
 h - a +0 battleaxe
   (You found it on level 3 of the Dungeon)
 u - a +2 hand axe of electrocution
   (You took it off an orc on level 5 of the Dungeon)
Missiles
 n - 2 javelins
 v - a boomerang
 D - 4 curare-tipped darts
Armour
 b - a +0 scale mail (worn)
 c - a +0 buckler (worn)
 t - a +0 helmet
   (You found it on level 4 of the Dungeon)
 z - a +0 cloak (worn)
   (You found it on level 5 of the Dungeon)
Jewellery
 o - a ring of see invisible (left hand)
   (You found it on level 4 of the Dungeon)
 p - a ring of positive energy (right hand)
   (You found it on level 4 of the Dungeon)
Wands
 d - a wand of polymorph (5)
   (You found it on level 8 of the Dungeon)
 f - a wand of light (4)
   (You found it on level 9 of the Dungeon)
 g - a wand of roots (7) (quivered)
   (You took it off Ijyb on level 3 of the Dungeon)
 A - a wand of paralysis (11)
   (You found it on level 5 of the Dungeon)
 E - a wand of digging (7)
   (You found it on level 10 of the Dungeon)
Scrolls
 e - a scroll of fear {unknown}
 k - a scroll of fog
 l - 3 scrolls of vulnerability
 s - a scroll of blinking {unknown}
 w - 2 scrolls of immolation {unknown}
 y - a scroll of enchant armour {unknown}
 C - a scroll of identify
Potions
 j - a potion of flight
 r - a potion of haste {unknown}

Dungeon Overview and Level Annotations

Branches:
Dungeon (11/15) Zot: 1676  Temple (1/1) D:6 Zot: 553    Lair (0/5) D:8
    Orc (0/2) D:11

Altars:
Ashenzari
Cheibriados
Dithmenos
Elyvilon
Fedhas
Gozag
Hepliaklqana
Kikubaaqudgha
Makhleb
Nemelex Xobeh
Okawaru
Qazlal
Ru
Sif Muna
Trog
Uskayaw
Vehumet
Wu Jian
Xom
Yredelemnul
Zin
The Shining One

Shops:
D:3

[ ########### *
#........@#
#.#######y# * * **
#.# #W# , #.#
#z###### * #.#
#zy....# * * #.#
#..###.#...,, #.#
#..........
#.#######..####....
,
#..................
, , ,


You could see a wraith, 2 killer bees and 2 wights.


Message History

😨 HP[+1] Unknown command.
The killer bee stings you but does no damage. x2
You feel protected.
You feel yourself speed up. The killer bee misses you.
You block the killer bee's attack.
The killer bee stings you but does no damage.
You block the killer bee's attack. The killer bee stings you.
* * * LOW HITPOINT WARNING * * *
The killer bee stings you.
* * * LOW HITPOINT WARNING * * *
😨 HP[-3]
You take 3 damage, and now have 29/69 hp.
Unknown command.
Okay, then.
Unknown command.
You slash the killer bee! You completely miss the killer bee.
The killer bee stings you.
* * * LOW HITPOINT WARNING * * *
You block the killer bee's attack. The killer bee closely misses you.
The killer bee barely misses you. 😨 HP[-3]
You take 3 damage, and now have 26/69 hp.
You slice the killer bee!!
You kill the killer bee!
You barely miss the killer bee. You block the killer bee's attack.
Unknown command.
You closely miss the killer bee. You barely miss the killer bee.
The killer bee buzzes angrily.
The killer bee stings you.
* * * LOW HITPOINT WARNING * * *
The killer bee stings you but does no damage.
The killer bee stings you.
* * * LOW HITPOINT WARNING * * *
The killer bee barely misses you. 😨 HP[-7]
You take 7 damage, and now have 19/69 hp.
Unknown command.
Aiming: Fastroot
Press: ? - help, Q - select action, (/) - cycle Shift-Dir - straight line, f - killer bee
Aim: a killer bee (severely wounded)
The roots erupt in riotous growth!
Roots grab the killer bee.
Roots grab the killer bee.
The grasping roots constrict the killer bee. x2
The killer bee misses you. The killer bee stings you!
* * * LOW HITPOINT WARNING * * *
The killer bee stings you but does no damage. x2
Unknown command. 😱 HP[-7]
You take 7 damage, and now have 12/69 hp.
You hit the killer bee. x2
The grasping roots constrict the killer bee!
You kill the killer bee!
The grasping roots constrict the killer bee.
The roots release their grip on the killer bee.
You block the killer bee's attack. The killer bee stings you.
* * * LOW HITPOINT WARNING * * *
😱 HP[-6]
You take 6 damage, and now have 6/69 hp.
Unknown command.
You closely miss the killer bee. You block the killer bee's attack.
The killer bee stings you but does no damage. 😱 HP[+1] Unknown command.
It was a potion of attraction.
You feel attractive to monsters.
The killer bee stings you but does no damage.
The killer bee barely misses you.
Unknown command.
It was a potion of mutation.
You feel extremely strange. Fur sprouts all over your body.
A pair of horns grows on your head!
Your +0 helmet falls away!
The killer bee closely misses you. You block the killer bee's attack.
Unknown command.
You barely miss the killer bee. Your headbutt misses the killer bee.
The killer bee stings you.
* * * LOW HITPOINT WARNING * * *
The killer bee closely misses you. 😱 HP[-3]
You take 3 damage, and now have 4/69 hp.
Unknown command.
You closely miss the killer bee.
The killer bee completely misses you. 😱 HP[+1] Unknown command.
It was a potion of brilliance.
You feel clever all of a sudden. The killer bee stings you.
* * * LOW HITPOINT WARNING * * *
You block the killer bee's attack. 😱 HP[-3]
You take 3 damage, and now have 2/69 hp.
Unknown command.
It was a potion of experience.
You feel more experienced!
Your Axes skill gained 2 levels and is now at level 14!
Your Armour skill gained 3 levels and is now at level 15!
You have reached level 11!
The killer bee stings you but does no damage.
The killer bee stings you.
You die...

Skill      XL: |  1  2  3  4  5  6  7  8  9 10 |
---------------+-------------------------------+-----
Shields        | 4 |  4.0
Armour         | 4 5 6 7 9 11 15 | 15.1
Axes           | 3 4 5 7 8 10 14 | 14.9
Fighting       | |  3.2

Action                   |  1- 3 |  4- 6 |  7- 9 | 10-12 || total
-------------------------+-------+-------+-------+-------++-------
Melee: War axe           |    84 |   144 |    53 |    19 ||   300
       Hand axe          |       |       |   140 |    62 ||   202
Evoke: Wand              |       |       |     8 |     5 ||    13
  Use: Scroll            |     2 |     9 |     3 |     2 ||    16
       Potion            |       |     1 |     6 |    10 ||    17
Armor: Scale mail        |    41 |    90 |   114 |    94 ||   339
       Skin              |       |    13 |    33 |       ||    46
Dodge: Dodged            |    30 |    69 |    80 |    60 ||   239
Block: Buckler           |    29 |    44 |    68 |    44 ||   185

Levels and vault maps discovered:
D:1:      saegor_arrival_simple_c, layout_basic
D:2:      minmay_general_purpose_star, layout_basic,
          ebering_ecumenical_altar_hall, minmay_rat_gold_closets
D:3:      layout_basic, nicolae_overflow_squiral, serial_shops, shop, uniq_ijyb,
          uniq_crazy_yiuf_cottage
D:4:      layout_gridville, nicolae_uskayaw_suspiria, lemuel_doored_altar,
          serial_rivers, chequers_serial_rivers_large_a,
          chequers_serial_rivers_micro_e, chequers_serial_rivers_micro_a,
          chequers_serial_rivers_small_3, st_stairs_4
D:5:      layout_loops_ring, amcnicky_altar_gilded
D:6:      layout_basic, temple_pool_b, corexii_leaking_fountain
D:7:      layout_cave_pods, lemuel_coloured_pillars_altar, uniq_prince_ribbit1
D:8:      layout_rooms, mainiacjoe_overflow_concentric_impassable,
          hellmonk_lair_entry_icy
D:9:      layout_irregular_city, serial_shops, nicolae_shop_behind_doors,
          nicolae_shop_waterfront, nicolae_shop_window_shopping, shop,
          grunt_ministairs_2
D:10:     layout_loops_ring, kennysheep_just_a_vault
D:11:     layout_rooms, david_orc_5, fedhas_ov_isle_minmay
Temple:   hellmonk_temple_of_storms

Notes
Turn   | Place    | Note
-------+----------+-------------------------------------------
     0 | D:1      | ytrimaz the Meteoran Fighter began the quest for the Orb.
     0 | D:1      | Reached XP level 1. HP: 19/19 MP: 2/2
     0 | D:1      | magus.rc [v1.9.6]
   125 | D:1      | Reached XP level 2. HP: 26/26 MP: 3/3
   292 | D:1      | Upgraded the game from 0.30-a0-424-g7412bad402 to
                  | 0.30-a0-457-g4b7bca3bfa
   292 | D:1      | magus.rc [v1.9.6]
   308 | D:1      | Reached skill level 4 in Shields
   318 | D:1      | Reached skill level 4 in Armour
   327 | D:1      | Reached skill level 3 in Axes
   353 | D:1      | Reached XP level 3. HP: 31/31 MP: 4/4
   446 | D:1      | You pick up a book of Debilitation and begin reading...
   446 | D:1      | You add the spells Slow, Vampiric Draining and Confusing
                  | Touch to your library.
   473 | D:1      | Glimpsed the power of Zot.
   522 | D:1      | Glimpsed the power of Zot.
   562 | D:1      | Glimpsed the power of Zot.
   673 | D:2      | Reached XP level 4. HP: 38/38 MP: 5/5
  1051 | D:2      | Glimpsed the power of Zot.
  1098 | D:2      | Glimpsed the power of Zot.
  1101 | D:3      | Noticed a scorpion
  1110 | D:3      | Killed a scorpion
  1111 | D:3      | Reached skill level 4 in Axes
  1111 | D:3      | Reached skill level 5 in Armour
  1111 | D:3      | Reached XP level 5. HP: 31/45 MP: 6/6
  1122 | D:3      | Found Gefiq's Armour Emporium.
  1135 | D:3      | You pick up a book of Ice and begin reading...
  1135 | D:3      | You add the spells Freezing Cloud, Simulacrum and Polar
                  | Vortex to your library.
  1166 | D:3      | Found a glowing silver altar of Zin.
  1167 | D:3      | Found an ancient bone altar of Kikubaaqudgha.
  1213 | D:3      | Noticed Ijyb
  1226 | D:3      | Killed Ijyb
  1227 | D:3      | Reached XP level 6. HP: 51/51 MP: 7/7
  1637 | D:3      | Glimpsed the power of Zot.
  1687 | D:3      | Glimpsed the power of Zot.
  1739 | D:4      | Reached skill level 5 in Axes
  1924 | D:4      | Found a hide-covered altar of Uskayaw.
  1982 | D:4      | Reached skill level 6 in Armour
  2090 | D:4      | Reached XP level 7. HP: 25/57 MP: 8/8
  2120 | D:4      | Noticed a water moccasin
  2124 | D:4      | Killed a water moccasin
  2125 | D:4      | Reached skill level 6 in Axes
  2190 | D:4      | Found a bloodstained altar of Trog.
  2216 | D:4      | Glimpsed the power of Zot.
  2265 | D:4      | Glimpsed the power of Zot.
  2301 | D:5      | Entered Level 5 of the Dungeon
  2349 | D:5      | HP: 11/57 [orc wizard/+0 dagger (4)]
  2360 | D:5      | Reached skill level 7 in Armour
  2521 | D:5      | Found an opulent altar of Gozag.
  2808 | D:5      | Glimpsed the power of Zot.
  2908 | D:6      | Reached skill level 7 in Axes
  2908 | D:6      | Reached XP level 8. HP: 61/63 MP: 9/9
  2925 | D:6      | Found a staircase to the Ecumenical Temple.
  3106 | D:6      | Reached skill level 8 in Armour
  3137 | Temple   | Entered the Ecumenical Temple
  3174 | Temple   | Became a worshipper of Hepliaklqana the Forgotten
  3246 | D:6      | Reached skill level 8 in Axes
  3456 | D:6      | Glimpsed the power of Zot.
  3506 | D:6      | Glimpsed the power of Zot.
  3575 | D:7      | Reached skill level 9 in Armour
  3575 | D:7      | Gained mutation: You passively map the area around you.
                  | [Meteoran growth]
  3575 | D:7      | Reached XP level 9. HP: 47/70 MP: 10/10
  3896 | D:7      | Reached skill level 9 in Axes
  4060 | D:7      | Glimpsed the power of Zot.
  4110 | D:7      | Glimpsed the power of Zot.
  4208 | D:7      | Reached * piety under Hepliaklqana
  4292 | D:7      | Noticed Prince Ribbit
  4302 | D:7      | Killed Prince Ribbit
  4303 | D:7      | Reached skill level 10 in Armour
  4312 | D:7      | Found a white marble altar of Elyvilon.
  4365 | D:7      | Reached skill level 10 in Axes
  4468 | D:8      | Noticed a polar bear
  4469 | D:8      | Noticed a rime drake
  4473 | D:8      | Reached skill level 11 in Armour
  4473 | D:8      | Reached XP level 10. HP: 69/69 MP: 11/11
  4480 | D:8      | Killed a rime drake
  4481 | D:8      | Reached skill level 11 in Axes
  4481 | D:8      | HP: 14/69 [polar bear (19)]
  4486 | D:8      | HP: 14/69 [wyvern (13)]
  4543 | D:8      | Found a staircase to the Lair.
  4592 | D:8      | Reached skill level 12 in Armour
  4603 | D:8      | Reached skill level 12 in Axes
  4647 | D:8      | Found a radiant altar of Vehumet.
  4680 | D:8      | Glimpsed the power of Zot.
  4730 | D:8      | Glimpsed the power of Zot.
  4742 | D:8      | HP: 17/69 [yak (8)]
  4747 | D:8      | HP: 17/69 [yak (3)]
  4752 | D:8      | HP: 12/69 [yak (2)]
  4774 | D:8      | Glimpsed the power of Zot.
  4823 | D:9      | You fall into a shaft and drop 2 floors!
  4823 | D:11     | Reached ** piety under Hepliaklqana
  4828 | D:10     | Entered Level 10 of the Dungeon
  4898 | D:10     | HP: 12/69 [killer bee (7)]
  4902 | D:10     | Gained mutation: You are covered in fur. (AC +1) [potion of
                  | mutation]
  4902 | D:10     | Gained mutation: You have a pair of small horns on your
                  | head. [potion of mutation]
  4903 | D:10     | HP: 4/69 [killer bee (3)]
  4906 | D:10     | Identified a potion of experience
  4906 | D:10     | Reached skill level 14 in Axes
  4906 | D:10     | Reached skill level 15 in Armour
  4906 | D:10     | Reached XP level 11. HP: 2/73 MP: 12/12
  4906 | D:10     | Slain by a killer bee

Vanquished Creatures
  A polar bear (D:8)
  3 yaks (D:8)
  2 water moccasins
  An orc warrior (D:8)
  2 black bears (D:6)
  3 ice beasts (D:8)
  3 centaurs
  2 wolves (D:8)
  A phantom (D:6)
  4 bullfrogs
  3 scorpions
  A necrophage (D:6)
  18 killer bees
  A howler monkey (D:7)
  An orc priest (D:8)
  3 hounds
  An iguana (D:6)
  6 orc wizards
  Ijyb (D:3)
  3 gnolls (D:4)
  3 adders
  2 shadow imps
  A white imp (D:8)
  4 ufetubi
  3 worms
  A dart slug (D:4)
  14 orcs
  6 ball pythons
  4 endoplasms
  2 giant cockroaches (D:1)
  5 goblins
  7 hobgoblins
  4 jackals (D:4)
  4 quokkas
  13 bats
  2 frilled lizards
  8 kobolds
  12 rats
155 creatures vanquished.

Vanquished Creatures (collateral kills)
  A rime drake (D:8)
  Prince Ribbit (D:7)
  A wyvern (D:8)
  A wolf (D:8)
  An orc priest (D:8)
  2 orcs (D:8)
7 creatures vanquished.

Vanquished Creatures (others)
  3 ancestors
3 creatures vanquished.

Grand Total: 165 creatures vanquished

Table legend:
 A = Non-vault XP
 B = Vault XP
 C = Vault XP percentage of total XP
 D = Non-vault monster count
 E = Vault monster count
 F = Vault count percentage of total count
                 A         B        C        D         E       F
            +---------+---------+-------+---------+---------+-------
      Total |    4570 |    1776 |  28.0 |     141 |      21 |  13.0
            +---------+---------+-------+---------+---------+-------
        D:1 |      34 |       0 |   0.0 |      22 |       0 |   0.0
        D:2 |      49 |      10 |  16.9 |      19 |       9 |  32.1
        D:3 |     109 |      33 |  23.2 |      12 |       1 |   7.7
        D:4 |     332 |      43 |  11.5 |      23 |       2 |   8.0
        D:5 |     224 |       0 |   0.0 |       8 |       0 |   0.0
        D:6 |     680 |       0 |   0.0 |       8 |       0 |   0.0
        D:7 |    1116 |     277 |  19.9 |      23 |       1 |   4.2
        D:8 |    1843 |    1413 |  43.4 |      23 |       8 |  25.8
       D:10 |     183 |       0 |   0.0 |       3 |       0 |   0.0
            +---------+---------+-------+---------+---------+-------

Illustrated notes

Table legend:
 A = Kills in this place as a percentage of kills in entire the game.
 B = Kills by you in this place as a percentage of kills by you in the entire game.
 C = Kills by friends in this place as a percentage of kills by friends in the entire game.
 D = Other kills in this place as a percentage of other kills in the entire game.
 E = Experience gained in this place as a percentage of experience gained in the entire game.
 F = Experience gained in this place divided by the number of levels of this place that you have seen.
                   A       B       C       D       E      F
               +-------+-------+-------+-------+-------+----------------------
         Total | 100.0 | 100.0 | 100.0 |   N/A | 100.0 | 528.8
       Dungeon | 100.0 | 100.0 | 100.0 |   N/A | 100.0 | 576.9
               +-------+-------+-------+-------+-------+----------------------

Table legend: (Time is in decaauts)
 A = Elapsed time spent in this place.
 B = Non-inter-level travel time spent in this place.
 C = Inter-level travel time spent in this place.
 D = Time resting spent in this place.
 E = Time spent auto-exploring this place.
 F = Levels seen in this place.
 G = Mean time per level.
                   A        B        C        D        E       F      G
               +--------+--------+--------+--------+--------+-----+--------+
         Total |   4968 |   4747 |    221 |    298 |   2789 |  12 |  414.0 |
       Dungeon |   4922 |   4712 |    210 |    298 |   2768 |  11 |  447.5 |
        Temple |     46 |     35 |     11 |      0 |     21 |   1 |   46.0 |
               +--------+--------+--------+--------+--------+-----+--------+

Top non-repeatable levels by time:
     D:7: 851 daAuts
     D:3: 634 daAuts
     D:6: 625 daAuts
     D:4: 597 daAuts
     D:1: 595 daAuts
     D:2: 556 daAuts
     D:5: 554 daAuts
     D:8: 374 daAuts
    D:10: 80 daAuts
  Temple: 46 daAuts
     D:9: 45 daAuts
    D:11: 4 daAuts
